 Dungeon Crawl Stone Soup version 0.29.1-1-gd02db6906a (webtiles) character file.

Game seed: 8041382965822706033

115 LabCoat the Trooper (level 5, -3/47 HPs)
             Began as a Hill Orc Fighter on Oct 19, 2022.
             Slain by a gnoll
             ... wielding a +0 halberd
              (7 damage)
             ... on level 3 of the Dungeon.
             The game lasted 00:09:27 (2886 turns).

LabCoat the Trooper (Hill Orc Fighter)              Turns: 2886, Time: 00:09:27

Health: -3/47      AC:  9    Str: 21    XL:     5   Next: 0%
Magic:  5/5        EV:  7    Int:  8    God:
Gold:   157        SH:  4    Dex: 10    Spells: 4/4 levels left

rFire   + . .      SeeInvis .   a - +0 war axe
rCold   . . .      Faith    .   c - +0 buckler
rNeg    + . .      Spirit   .   k - +0 chain mail
rPois   .          Reflect  .   (no helmet)
rElec   .          Harm     .   (no cloak)
rCorr   .          Rampage  .   (no gloves)
Will    .....                   (no boots)
Stlth   ..........              (no amulet)
HPRegen 0.15/turn               i - ring of positive energy
MPRegen 0.09/turn               l - ring of protection from fire

@: no status effects
A: no striking features
a: no special abilities


You were on level 3 of the Dungeon.
You visited 1 branch of the dungeon, and saw 3 of its levels.

You collected 157 gold pieces.

Inventory:

Hand Weapons
 a - a +0 war axe (weapon)
 j - a +0 mace
Armour
 c - a +0 buckler (worn)
 k - a +0 chain mail (worn)
Jewellery
 i - a ring of positive energy (left hand)
 l - a ring of protection from fire (right hand)
Wands
 n - a wand of roots (8)
Scrolls
 o - a scroll of summoning {unknown}
Potions
 b - a potion of flight
 d - a potion of might
 e - a potion of magic
 f - a potion of lignification
 h - a potion of attraction {unknown}
 m - 2 potions of mutation


   Skills:
 * Level 4.4 Fighting
 * Level 3.9 Axes
 + Level 1.1 Throwing
 + Level 3.6 Armour
 + Level 0.9 Dodging
 + Level 3.6 Shields
 + Level 1.1 Evocations


You had 4 spell levels left.
You didn't know any spells.
Your spell library contained the following spells:

 Spells                   Type           Power      Damage    Failure   Level
 Apportation              Tloc           0%         N/A       99%         1
 Necrotise                Necr           0%         1d4       99%         1
 Summon Small Mammal      Summ           0%         N/A       99%         1
 Ozocubu's Armour         Ice            0%         N/A       100%        3
 Ozocubu's Refrigeration  Ice            0%         4d7       100%        7


Dungeon Overview and Level Annotations

Branches:
Dungeon (3/15)

Altars:
Vehumet


Message History

You block the gnoll's attack. The gnoll hits you but does no damage.
The gnoll hits you from afar with a +0 halberd.
The gnoll completely misses you. The rat bites you but does no damage.
You hit the gnoll but do no damage.
The gnoll is severely wounded.
You hit the rat.
You kill the rat!
You hit the gnoll.
You kill the gnoll!
The gnoll hits you but does no damage. The gnoll hits you with a +0 spear.
The gnoll hits you with a +0 halberd. The gnoll closely misses you.
You see here a +0 flail.
You hit the gnoll.
The gnoll is lightly wounded.
You hit the gnoll.
A gnoll comes into view. It is wielding a +0 spear.
The gnoll hits you with a +0 halberd. The gnoll hits you but does no damage.
The gnoll shouts!
You slash the gnoll!
The gnoll is almost dead.
You hit the gnoll.
You kill the gnoll!
The gnoll hits you with a +0 halberd.
The gnoll hits you from afar with a +0 spear.
The gnoll closely misses you.
You have reached level 5!
You feel stronger.
You feel better. The gnoll hits you with a +0 halberd!
The gnoll hits you from afar with a +0 spear!
* * * LOW HITPOINT WARNING * * *
You hit the gnoll.
The gnoll is almost dead.
The gnoll hits you with a +0 halberd!
* * * LOW HITPOINT WARNING * * *
The gnoll throws a throwing net.
You block the throwing net.
You hit the gnoll but do no damage.
The gnoll is almost dead.
The gnoll closely misses you. The gnoll hits you but does no damage.
The gnoll hits you with a +0 halberd!
You die...

##...#### ##.....##
### ##.......##
##.##
##..<.......###...#
.+........... .....
##....####^####...
##.[.# ..... #.g#
##..# ......#g!#
##.# ......#)@# #.#
.._.....## #.#
......#.# #.# .....
#.## # #.# ....
#..#.#
#####.#########....#
...#............##.#
##.#.....######## .#
##........... #


You could see 2 gnolls.

Vanquished Creatures
  2 gnolls (D:3)
  4 adders
  A dart slug (D:1)
  2 orcs (D:3)
  6 bats
  6 endoplasms
  A giant cockroach (D:1)
  5 goblins
  7 hobgoblins
  6 jackals
  A quokka (D:1)
  A ball python (D:2)
  3 frilled lizards
  4 kobolds
  8 rats
57 creatures vanquished.

Notes
Turn   | Place    | Note
-------+----------+-------------------------------------------
     0 | D:1      | LabCoat the Hill Orc Fighter began the quest for the Orb.
     0 | D:1      | Reached XP level 1. HP: 19/19 MP: 1/1
   451 | D:1      | Reached XP level 2. HP: 19/27 MP: 2/2
  1169 | D:2      | Reached skill level 4 in Fighting
  1169 | D:2      | Reached XP level 3. HP: 28/33 MP: 3/3
  1788 | D:2      | Found a faded altar of an unknown god.
  2045 | D:3      | Reached skill level 1 in Throwing
  2045 | D:3      | Reached skill level 1 in Evocations
  2045 | D:3      | Reached XP level 4. HP: 25/40 MP: 4/4
  2875 | D:3      | Found a radiant altar of Vehumet.
  2884 | D:3      | Reached XP level 5. HP: 21/47 MP: 5/5
  2886 | D:3      | Slain by a gnoll

Illustrated notes

Levels and vault maps discovered:
D:1:      minmay_arrival_four_circles, layout_basic, st_stairs_12
D:2:      layout_basic, dilly_ecumenical_altar_fadedgnrine
D:3:      layout_loops_corners, lemuel_tele_altar

Skill      XL: |  1  2  3 |
---------------+----------+-----
Axes           | 3 |  3.9
Fighting       | 4 |  4.4
Throwing       | 1 |  1.1
Evocations     | 1 |  1.1
Armour         | |  3.6
Dodging        | |  0.9
Shields        | |  3.6

Action                   |  1- 3 |  4- 6 || total
-------------------------+-------+-------++-------
Melee: War axe           |   141 |    41 ||   182
  Use: Scroll            |     2 |     5 ||     7
       Potion            |       |     1 ||     1
Armor: Scale mail        |    42 |       ||    42
       Chain mail        |    38 |    32 ||    70
Dodge: Dodged            |    62 |    13 ||    75
Block: Buckler           |    35 |    11 ||    46
